 Dungeon Sprint DCSS version 0.30-a0-845-g7c6808c8ce (webtiles) character file.

Game seed: 17028472462152326709

31959 rocky1 the Archmage (level 22, -10/127 HPs)
             Began as a Deep Elf Earth Elementalist on Mar 3, 2023.
             Was an Initiate of Gozag.
             Mangled by a greater orb of eyes (13 damage)
             ... in the Dungeon (Sprint VI: "Thunderdome").
             The game lasted 00:49:35 (4168 turns).

rocky1 the Archmage (Deep Elf Earth Elementalist)   Turns: 4168, Time: 00:49:35

Health: -10/127    AC:  3    Str:  8    XL:     22   Next: 87%
Magic:  3/64       EV: 18    Int: 53    God:    Gozag
Gold:   297        SH:  7    Dex: 17    Spells: 31/75 levels left

rFire   + . .      SeeInvis +    x - staff of earth
rCold   + + .      Faith    .    M - +1 buckler of Vanity {Will++ Int+4}
rNeg    + . .      Spirit   .    J - +1 robe of Buf Mevacuqi {Contam rElec rF+ Str+2}
rPois   +          Reflect  .    A - +1 hat "Juohien" {Dex+3}
rElec   +          Rampage  .    b - +1 cloak "Golekate" {SInv}
rCorr   .          NoTele   +    C - +0 pair of gloves of Follow the Leader {rC++ Int+3}
Will    ++++.                    N - +2 pair of boots of Hedging {Int+4}
Stlth   ++                       u - amulet "Sedu Vorgh" {RegenMP Str+2}
HPRegen 0.41/turn                m - ring of Saust {rPois MP+9 Slay+3 Stlth-}
MPRegen 0.79/turn                h - ring "Manamal" {rN+ Int+6}

@: corroded, gold aura, studying Axes
A: horns 1, iridescent scales 1, clever 1, deformed body
}: 4/15 runes: serpentine, barnacled, silver, mossy
a: Renounce Religion, Potion Petition, Call Merchant, Bribe Branch


You were in the Dungeon.
You worshipped Gozag.
Gozag was aware of your devotion.
You visited 1 branch You collected 33920 gold pieces.
You spent 32873 gold pieces at shops.
You paid 750 gold pieces to Gozag.

Inventory:

Armour
 a - the +0 tower shield of the Wary Souls {+Inv rC+ Str+2 Dex-3}
   (You bought it in a shop in the Dungeon)

   Str:       It affects your strength (+2).
   Dex:       It affects your dexterity (-3).
   rC:        It protects you from cold.
   +Inv:      It lets you turn invisible.
 b - the +1 cloak "Golekate" (worn) {SInv}
   (You bought it in a shop in the Dungeon)

   SInv:      It lets you see invisible.
 l - the +1 kite shield of Jufiduw {rN+ Will++ Str-4 Stlth-}
   (You bought it in a shop in the Dungeon)

   Str:       It affects your strength (-4).
   rN:        It protects you from negative energy.
   Will:      It greatly increases your willpower.
   Stlth:     It makes you less stealthy.
 z - the +1 buckler of Lesser Demons {rElec Will- Str+3}
   (You bought it in a shop in the Dungeon)

   Str:       It affects your strength (+3).
   rElec:     It insulates you from electricity.
   Will:      It decreases your willpower.
 A - the +1 hat "Juohien" (worn) {Dex+3}
   (You bought it in a shop in the Dungeon)

   Dex:       It affects your dexterity (+3).
 C - the +0 pair of gloves of Follow the Leader (worn) {rC++ Int+3}
   (You bought it in a shop in the Dungeon)

   Int:       It affects your intelligence (+3).
   rC:        It greatly protects you from cold.
 J - the +1 robe of Buf Mevacuqi (worn) {Contam rElec rF+ Str+2}
   (You bought it in a shop in the Dungeon)

   Str:       It affects your strength (+2).
   rF:        It protects you from fire.
   rElec:     It insulates you from electricity.
   Contam:    It causes magical contamination when unequipped.
 M - the +1 buckler of Vanity (worn) {Will++ Int+4}
   (You bought it in a shop in the Dungeon)

   Int:       It affects your intelligence (+4).
   Will:      It greatly increases your willpower.
 N - the +2 pair of boots of Hedging (worn) {Int+4}
   (You bought it in a shop in the Dungeon)

   Int:       It affects your intelligence (+4).
Magical Staves
 p - a staff of fire
 x - a staff of earth (weapon)
Jewellery
 h - the ring "Manamal" (right hand) {rN+ Int+6}
   (You bought it in a shop in the Dungeon)

   [ring of positive energy]

   Int:       It affects your intelligence (+6).
   rN:        It protects you from negative energy.
 m - the ring of Saust (left hand) {rPois MP+9 Slay+3 Stlth-}
   (You bought it in a shop in the Dungeon)

   [ring of magical power]

   Slay:      It affects your accuracy & damage with ranged weapons and melee
   (+3).
   rPois:     It protects you from poison.
   MP:        It affects your magic capacity (+9).
   Stlth:     It makes you less stealthy.
 u - the amulet "Sedu Vorgh" (around neck) {RegenMP Str+2}
   (You bought it in a shop in the Dungeon)

   [amulet of magic regeneration]

   It increases your rate of magic regeneration.
   Str:       It affects your strength (+2).
 D - the ring "Redeboc" {Fire +Blink Int+2}
   (You found it in the Dungeon)

   [ring of fire]

   It enhances your fire magic.
   Int:       It affects your intelligence (+2).
   rF:        It protects you from fire.
   rC:        It makes you vulnerable to cold.
   +Blink:    It lets you blink.
 S - the ring "Neucopn" {rF+ SInv}
   (You bought it in a shop in the Dungeon)

   [ring of protection from fire]

   rF:        It protects you from fire.
   SInv:      It lets you see invisible.
 V - the ring "Jyvuus" {rC+ SInv}
   (You bought it in a shop in the Dungeon)

   [ring of protection from cold]

   rC:        It protects you from cold.
   SInv:      It lets you see invisible.
Wands
 i - a wand of acid (5)
 j - a wand of roots (4)
Scrolls
 k - 27 scrolls of fog
 r - a scroll of immolation
 s - 10 scrolls of amnesia
 P - 20 scrolls of blinking
Potions
 c - 23 potions of curing
 d - 47 potions of heal wounds
 e - 38 potions of haste
 f - a potion of berserk rage
 q - 12 potions of might
 E - 24 potions of resistance
 F - 10 potions of mutation
 G - 13 potions of brilliance
 H - 20 potions of magic
Miscellaneous
 g - a quad damage
 n - a quad damage
 o - a quad damage


   Skills:
 - Level 9.9 Fighting
 - Level 10.6 Dodging
 - Level 5.0 Stealth
 - Level 8.0 Shields
 O Level 27 Spellcasting
 O Level 27 Conjurations
 - Level 9.4 Translocations
 - Level 12.6 Transmutations
 + Level 24.9 Fire Magic
 O Level 27 Earth Magic


You had 31 spell levels left.
You knew the following spells:

 Your Spells              Type           Power      Damage    Failure   Level
a - Sandblast             Erth           100%       2d20      0%          1
b - Stone Arrow           Conj/Erth      100%       3d13      0%          3
c - Blink                 Tloc           100%       N/A       0%          2
d - Statue Form           Tmut/Erth      100%       N/A       0%          6
e - Iron Shot             Conj/Erth      88%        9d16      0%          6
f - Fire Storm            Conj/Fire      74%        8d19      1%          9
g - Shatter               Erth           88%        3d64*     1%          9
h - Lehudib's Crystal Sp  Conj/Erth      88%        10d20     0%          8

Your spell library contained the following spells:

 Spells                   Type           Power      Damage    Failure   Level
 Apportation              Tloc           100%       N/A       0%          1
 Kiss of Death            Conj/Necr      100%       2d13      0%          1
 Magic Dart               Conj           100%       1d8       0%          1
 Lesser Beckoning         Tloc           100%       N/A       0%          2
 Momentum Strike          Conj/Tloc      100%       3d10      0%          2
 Passwall                 Tmut/Erth      100%       N/A       0%          2
 Gell's Gravitas          Tloc           100%       N/A       0%          3
 Inner Flame              Hex/Fire       100%       N/A       0%          3
 Kindle Blastsparks       Fire/Tloc/Air  100%       2d18      0%          3
 Mephitic Cloud           Conj/Pois/Air  100%       N/A       0%          3
 Teleport Other           Tloc           100%       N/A       0%          3
 Fulminant Prism          Conj/Hex       60%        3d26      0%          4
 Iskenderun's Mystic Bla  Conj/Tloc      100%       2d19      0%          4
 Leda's Liquefaction      Hex/Erth       72%        N/A       0%          4
 Petrify                  Tmut/Erth      100%       N/A       0%          4
 Iskenderun's Battlesphe  Conj           100%       2d15      0%          5
 Lee's Rapid Deconstruct  Erth           88%        3d39*     0%          5
 Necrotise                Necr           100%       1d9       1%          1
 Summon Small Mammal      Summ           100%       N/A       1%          1
 Call Imp                 Summ           64%        N/A       1%          2
 Cigotuvi's Dreadful Rot  Necr/Pois/Air  100%       N/A       1%          2
 Ensorcelled Hibernation  Hex/Ice        100%       N/A       1%          2
 Ozocubu's Armour         Ice            64%        N/A       1%          3
 Portal Projectile        Hex/Tloc       100%       N/A       1%          3
 Swiftness                Air            64%        N/A       1%          3
 Tukima's Dance           Hex            64%        N/A       1%          3
 Cause Fear               Hex            32%        N/A       1%          4
 Olgreb's Toxic Radiance  Pois           64%        N/A       1%          4
 Passage of Golubria      Tloc           100%       N/A       1%          4
 Summon Lightning Spire   Summ/Air       64%        N/A       1%          4
 Blade Hands              Tmut           58%        N/A       1%          5
 Summon Forest            Summ/Tloc      44%        N/A       1%          5
 Conjure Ball Lightning   Conj/Air       60%        3x3d22    1%          6
 Eringya's Noxious Bog    Tmut/Pois      47%        N/A       1%          6
 Spellforged Servitor     Conj/Summ      60%        N/A       1%          7
 Metabolic Englaciation   Hex/Ice        32%        N/A       4%          5
 Silence                  Hex/Air        32%        N/A       4%          5
 Summon Mana Viper        Hex/Summ       64%        N/A       4%          5
 Storm Form               Tmut/Air       47%        N/A       10%         7
 Malign Gateway           Summ/Tloc      44%        N/A       19%         7
 Disjunction              Tloc           53%        N/A       22%         8
 Summon Cactus Giant      Summ           32%        N/A       24%         6
 Chain Lightning          Conj/Air       60%        3d80      52%         9
 Necromutation            Tmut/Necr      47%        N/A       61%         8
 Haunt                    Necr/Summ      32%        N/A       78%         7
 Ozocubu's Refrigeration  Ice            32%        4d14      78%         7
 Borgnjor's Revivificati  Necr           32%        N/A       100%        8
 Discord                  Hex            32%        N/A       100%        8
 Infestation              Necr           32%        N/A       100%        8
 Maxwell's Capacitive Co  Air            32%        ∞         100%        8
 Summon Horrible Things   Summ           32%        N/A       100%        8
 Death's Door             Necr           32%        N/A       100%        9
 Animate Dead             Necr           Unusable   N/A       N/A         4
 Simulacrum               Ice/Necr       Unusable   N/A       N/A         6

Dungeon Overview and Level Annotations

Branches:
Dungeon (1/1)

Altars:
Cheibriados
Dithmenos
Fedhas
Gozag
Kikubaaqudgha
Makhleb
Okawaru
Qazlal
Ru
Sif Muna
Trog
Uskayaw
Vehumet
Wu Jian
Xom
Yredelemnul
Zin
The Shining One
Lugonu

Shops:
D [??*?*:[((!!


Innate Abilities, Weirdness & Mutations

You have a pair of small horns on your head.
You are partially covered in iridescent scales. (AC +2)
Your mind is acute. (Int +4, Str/Dex -1)
Armour fits poorly on your strangely shaped body.


Message History

The iron shot hits the greater orb of eyes!!!
The greater orb of eyes is severely wounded.
The greater orb of eyes pulsates ominously.
The greater orb of eyes bites you but does no damage.
Aiming: Iron Shot (safe; 0% risk of failure)
Press: ? - help, Q - select action, (/) - cycle Shift-Dir - straight line, f/p - greater orb of eyes
Aim: a greater orb of eyes (severely wounded, 98% to hit)
You feel a surge of power!
The iron shot hits the greater orb of eyes!!!!
The greater orb of eyes is severely wounded.
The acid blob spits acid at you. The splash of acid hits you!!
* * * LOW HITPOINT WARNING * * *
The acid corrodes you! The greater orb of eyes misses you.
Aiming: Iron Shot (safe; 0% risk of failure)
Press: ? - help, Q - select action, (/) - cycle Shift-Dir - straight line, f/p - greater orb of eyes
Aim: a greater orb of eyes (severely wounded, 98% to hit)
You feel a surge of power!
The iron shot hits the greater orb of eyes!!!!
The greater orb of eyes is almost dead.
You block the greater orb of eyes's attack.
A shining eye comes into view.
Blink to where?
Press: ? - help, Dir - move target, p - greater orb of eyes
Okay, then.
Casting: Iron Shot (safe; 0% risk of failure)
Confirm with . or Enter, or press ? or * to list all spells.
You feel a surge of power!
The dungeon rumbles!
The greater orb of eyes is almost dead.
You kill the rockslime!
The acid blob is severely wounded.
The shining eye is heavily wounded.
Ka-crash!
The acid blob spits acid at you. The splash of acid hits you!!
* * * LOW HITPOINT WARNING * * *
The greater orb of eyes bites you!
You die...
Your body crumbles into a pile of gold.

▓...=....[[.................∩###
...[=).)).[.......[....[.......##
.⌠[.[..(.)......}..#...........⌠#
#)[)[[).........<..............⌠#
.)..[[......J.....#.G..........⌠#
.#.[....(......................##
▓..#∩....)....$....$..[.....∩###
▓▓▓..∩___.......G#......___∩##
▓▓...........)@..[...######
▓▓▓▓▓▓G)........$..⌠.
▓..#......)...#. #_.........▓
▓._......._.▓ ▓#_...)[....▓
#∩......∩∩#▓ #.∩.[...∩##
##.....##


You could see an acid blob, a greater orb of eyes and a shining eye.

Vanquished Creatures
  An ancient lich (D)
  An orb of fire (D)
  Agnes (D)
  4 Killer Klowns (D)
  3 Brimstone Fiends (D)
  3 liches (D)
  A deep elf master archer (D)
  2 deep elf blademasters (D)
  An acid blob (D)
  2 rockslimes (D)
  An azure jelly (D)
  A merfolk avatar (D)
  4 fire giants (D)
  An emperor scorpion (D)
  2 deep elf sorcerers (D)
  A frost giant (D)
  An iron dragon (D)
  A deep elf elementalist (D)
  2 stone giants (D)
  4 vampire knights (D)
  2 deep elf demonologists (D)
  2 anacondas (D)
  A very ugly thing (D)
  A deep elf annihilator (D)
  A bunyip (D)
  4 green deaths (D)
  A fire dragon (D)
  An entropy weaver (D)
  A deep elf high priest (D)
  4 vault guards (D)
  2 ogre magi (D)
  A boulder beetle (D)
  An iron elemental (D)
  2 naga warriors (D)
  2 dancing weapons (D)
  8 vampire magi (D)
  2 sun demons (D)
  A hell knight (D)
  15 fire crabs (D)
  3 iron trolls (D)
  8 swamp dragons (D)
  A deep elf archer (D)
  2 wizards (D)
  8 deep trolls (D)
  A spriggan druid (D)
  A lindwurm (D)
  A mana viper (D)
  A deep elf zephyrmancer (D)
  3 necromancers (D)
  A steelbarb worm (D)
  A deep elf pyromancer (D)
  4 wolf spiders (D)
  A will-o-the-wisp (D)
  11 ugly things (D)
  6 cyclopes (D)
  2 black mambas (D)
  6 naga magi (D)
  A rust devil (D)
  A torpor snail (D)
  A rime drake (D)
  4 hellions (D)
  7 trolls (D)
  A tarantella (D)
  A jumping spider (D)
  4 vampires (D)
  A golden eye (D)
  3 nagas (D)
  3 acid dragons (D)
  A water moccasin (D)
  2 swamp drakes (D)
  8 dwarves (D)
  5 earth elementals (D)
  6 mummies (D)
  7 adders (D)
  2 worms (D)
  A jackal (D)
  A kobold (D)
  5 ball pythons (D)
  3 fire vortices (D)
218 creatures vanquished.

Vanquished Creatures (others)
  4 foxfires (D)
4 creatures vanquished.

Grand Total: 222 creatures vanquished

Notes
Turn   | Place    | Note
-------+----------+-------------------------------------------
     0 | D        | rocky1 the Deep Elf Earth Elementalist began the quest for
                  | the Orb.
     0 | D        | Reached XP level 1. HP: 10/10 MP: 6/6
     3 | D        | Found an opulent altar of Gozag.
     4 | D        | Found a corrupted altar of Lugonu.
     5 | D        | Found a sacrificial altar of Ru.
     5 | D        | Found a shimmering altar of Xom.
     5 | D        | Round 1.
     6 | D        | Found a shimmering blue altar of Sif Muna.
     6 | D        | Found a hide-covered altar of Uskayaw.
     6 | D        | Found Mucaq's Identification Station.
     7 | D        | Found Detueh's Jewellery.
     7 | D        | Found Gekaulua's Advanced Armour.
     8 | D        | Found a shadowy altar of Dithmenos.
    11 | D        | Became a worshipper of Gozag Ym Sagoz the Greedy
    16 | D        | Bought a fine ruby amulet for 45 gold pieces
    16 | D        | Identified the amulet "Tieteola" {Acrobat rCorr Dex+4} (You
                  | bought it in a shop in the Dungeon)
    16 | D        | Bought a brightly glowing platinum ring for 45 gold pieces
    16 | D        | Identified the ring of Saust {rPois MP+9 Slay+3 Stlth-}
                  | (You bought it in a shop in the Dungeon)
    16 | D        | Bought a heavily runed pewter amulet for 45 gold pieces
    16 | D        | Identified the amulet of Faicy {Spirit Int+3} (You bought
                  | it in a shop in the Dungeon)
    16 | D        | Bought an ancient marble ring for 45 gold pieces
    16 | D        | Identified the ring of Plog {Fly rC+ rCorr Str+2 Slay-6}
                  | (You bought it in a shop in the Dungeon)
    29 | D        | Found a bloodstained altar of Trog.
    55 | D        | Found a snail-covered altar of Cheibriados.
    58 | D        | Reached skill level 5 in Spellcasting
    58 | D        | Reached XP level 2. HP: 15/15 MP: 6/10
   105 | D        | Found a stormy altar of Qazlal.
   106 | D        | Found Ybeov's Premium Goods.
   108 | D        | Found a glowing silver altar of Zin.
   108 | D        | Found Viokh's Weapon Rack.
   112 | D        | Found Pallir's Miscellaneous Merchandise.
   112 | D        | Found Xicrais's Basic Armour.
   118 | D        | Found a radiant altar of Vehumet.
   120 | D        | Arena points: 14 (+14) [x2]
   121 | D        | Found a basalt altar of Yredelemnul.
   122 | D        | Found an ornate altar of the Wu Jian Council.
   124 | D        | Found Xefuby's Do-It-Yourself Clinic.
   126 | D        | Found a blossoming altar of Fedhas.
   126 | D        | Found an iron altar of Okawaru.
   126 | D        | Found a glowing golden altar of the Shining One.
   126 | D        | Found Tissu's Distillery.
   166 | D        | Round 2.
   171 | D        | Reached skill level 5 in Earth Magic
   171 | D        | Reached XP level 3. HP: 20/20 MP: 12/12
   182 | D        | Reached skill level 1 in Fighting
   188 | D        | Found Naumetra's Magic Scroll Shop.
   188 | D        | Found Vines's Magic Scroll Shop.
   190 | D        | Found Kadenuh's Must-Have Magic.
   191 | D        | Found an ancient bone altar of Kikubaaqudgha.
   191 | D        | Found a burning altar of Makhleb.
   191 | D        | Found Teudwafukk's Staff Store.
   201 | D        | Found Nepehyan's Distillery.
   201 | D        | Found Ebyllium's Bottled Wisdom.
   293 | D        | Arena points: 56 (+42) [x3]
   318 | D        | Bought a book of Power for 294 gold pieces
   318 | D        | Bought a book of the Earth for 252 gold pieces
   318 | D        | Bought a book of Spatial Translocations for 126 gold pieces
   322 | D        | Learned a level 3 spell: Stone Arrow
   325 | D        | Learned a level 2 spell: Blink
   352 | D        | Round 3.
   367 | D        | Noticed a water moccasin
   371 | D        | Killed a water moccasin
   372 | D        | Reached XP level 4. HP: 21/27 MP: 15/15
   372 | D        | Reached XP level 5. HP: 24/31 MP: 17/17
   393 | D        | Noticed a naga
   396 | D        | Killed a naga
   397 | D        | Reached XP level 6. HP: 36/37 MP: 19/19
   490 | D        | Arena points: 140 (+84) [x4]
   510 | D        | Learned a level 6 spell: Statue Form
   517 | D        | Learned a level 6 spell: Iron Shot
   531 | D        | Bought a potion of experience for 300 gold pieces
   531 | D        | Reached skill level 10 in Earth Magic
   531 | D        | Reached XP level 7. HP: 42/42 MP: 21/21
   542 | D        | Round 4.
   632 | D        | Arena points: 280 (+140) [x5]
   700 | D        | Bought 2 potions of experience for 600 gold pieces
   700 | D        | Reached XP level 8. HP: 48/48 MP: 23/23
   701 | D        | Reached XP level 9. HP: 52/52 MP: 24/24
   708 | D        | Round 5.
   717 | D        | Noticed a giant anaconda
   724 | D        | Killed a giant anaconda
   724 | D        | Arena points: 560 (+280) [x7]
   730 | D        | Got a serpentine rune of Zot
   732 | D        | Reached skill level 5 in Fighting
   732 | D        | Reached skill level 5 in Dodging
   732 | D        | Reached skill level 5 in Stealth
   732 | D        | Reached XP level 10. HP: 43/60 MP: 15/27
   804 | D        | Bought a flickering lead ring for 45 gold pieces
   804 | D        | Identified the ring "Manamal" {rN+ Int+6} (You bought it in
                  | a shop in the Dungeon)
   804 | D        | Bought a crude steel ring for 45 gold pieces
   804 | D        | Identified the ring "Ythiof" {Fly rPois rF- AC+4 Slay+4}
                  | (You bought it in a shop in the Dungeon)
   804 | D        | Bought a transparent bronze amulet for 45 gold pieces
   804 | D        | Identified the amulet "Fashecki" {*Corrode +Inv Regen+ MP+9
                  | SInv} (You bought it in a shop in the Dungeon)
   804 | D        | Bought a transparent zirconium amulet for 45 gold pieces
   804 | D        | Identified the amulet of Itidiani {Faith rElec rC+ Dex+3}
                  | (You bought it in a shop in the Dungeon)
   804 | D        | Bought a transparent ruby amulet for 45 gold pieces
   804 | D        | Identified the amulet "Sedu Vorgh" {RegenMP Str+2} (You
                  | bought it in a shop in the Dungeon)
   804 | D        | Bought a pitted copper ring for 45 gold pieces
   804 | D        | Identified the ring of Ilehulau {Fly MP+9} (You bought it
                  | in a shop in the Dungeon)
   821 | D        | Bought a topaz-studded animal skin for 185 gold pieces
   821 | D        | Identified the +2 animal skin of Mumblety Peg {rPois Int+2}
                  | (You bought it in a shop in the Dungeon)
   859 | D        | Bought 3 potions of heal wounds for 105 gold pieces
   917 | D        | Round 6.
  1005 | D        | Arena points: 992 (+432) [x8]
  1006 | D        | Reached skill level 10 in Conjurations
  1033 | D        | Bought a staff of earth for 750 gold pieces
  1060 | D        | Bought a scintillating silver ring for 45 gold pieces
  1060 | D        | Identified the ring of Hepliaklqana's Envy {Fire Dex+2}
                  | (You bought it in a shop in the Dungeon)
  1075 | D        | Round 7.
  1075 | D        | Noticed a deep troll
  1078 | D        | Killed a deep troll
  1079 | D        | Reached skill level 10 in Transmutations
  1079 | D        | Reached XP level 11. HP: 66/66 MP: 26/29
  1087 | D        | Noticed a deep troll
  1092 | D        | Killed a deep troll
  1099 | D        | Noticed a deep troll
  1101 | D        | Killed a deep troll
  1111 | D        | Noticed an iron troll
  1111 | D        | Noticed a deep troll
  1118 | D        | Killed a deep troll
  1121 | D        | Noticed a deep troll
  1122 | D        | Killed an iron troll
  1124 | D        | Killed a deep troll
  1135 | D        | Noticed a deep troll
  1141 | D        | Killed a deep troll
  1141 | D        | Arena points: 1622 (+630) [x9]
  1166 | D        | Bought 3 potions of experience for 900 gold pieces
  1166 | D        | Bought 3 potions of experience for 900 gold pieces
  1166 | D        | Reached skill level 15 in Spellcasting
  1166 | D        | Reached XP level 12. HP: 72/72 MP: 21/33
  1167 | D        | Reached XP level 13. HP: 77/77 MP: 22/34
  1168 | D        | Reached skill level 10 in Dodging
  1168 | D        | Reached XP level 14. HP: 82/82 MP: 22/35
  1169 | D        | Reached XP level 15. HP: 87/87 MP: 23/36
  1170 | D        | Reached XP level 16. HP: 92/92 MP: 24/37
  1171 | D        | Reached XP level 17. HP: 97/97 MP: 24/38
  1208 | D        | Round 8.
  1262 | D        | Bought a potion of experience for 300 gold pieces
  1262 | D        | Reached skill level 15 in Conjurations
  1262 | D        | Reached skill level 15 in Earth Magic
  1262 | D        | Reached XP level 18. HP: 103/103 MP: 40/40
  1339 | D        | Arena points: 2342 (+720) [x10]
  1364 | D        | Bought a heavily runed buckler for 332 gold pieces
  1364 | D        | Identified the +1 buckler of Lesser Demons {rElec Will-
                  | Str+3} (You bought it in a shop in the Dungeon)
  1364 | D        | Bought a jewelled hat for 315 gold pieces
  1364 | D        | Identified the +1 hat "Juohien" {Dex+3} (You bought it in a
                  | shop in the Dungeon)
  1364 | D        | Bought a pair of jewelled boots for 332 gold pieces
  1364 | D        | Identified the +2 pair of boots of Ashenzari's Generosity
                  | {Str+4} (You bought it in a shop in the Dungeon)
  1364 | D        | Bought a pair of fine gloves for 332 gold pieces
  1364 | D        | Identified the +0 pair of gloves of Follow the Leader {rC++
                  | Int+3} (You bought it in a shop in the Dungeon)
  1398 | D        | Round 9.
  1403 | D        | Reached skill level 1 in Shields
  1434 | D        | Arena points: 3332 (+990) [x11]
  1451 | D        | Round 10.
  1482 | D        | Arena points: 4502 (+1170) [x13]
  1486 | D        | Got a barnacled rune of Zot
  1501 | D        | Bought 6 potions of resistance for 420 gold pieces
  1501 | D        | Bought 3 potions of mutation for 168 gold pieces
  1501 | D        | Bought 2 potions of mutation for 112 gold pieces
  1501 | D        | Bought a potion of mutation for 56 gold pieces
  1501 | D        | Bought 6 potions of brilliance for 168 gold pieces
  1501 | D        | Bought 4 potions of haste for 280 gold pieces
  1503 | D        | Bought a potion of brilliance for 28 gold pieces
  1503 | D        | Bought 6 potions of magic for 336 gold pieces
  1503 | D        | Bought 2 potions of mutation for 112 gold pieces
  1503 | D        | Bought 6 potions of brilliance for 168 gold pieces
  1646 | D        | Round 11.
  1730 | D        | Reached skill level 5 in Shields
  1759 | D        | Arena points: 6042 (+1540) [x14]
  1805 | D        | Bought a dazzling leather armour for 245 gold pieces
  1805 | D        | Identified the +3 leather armour "Baampyol" {rC+ Str+2}
                  | (You bought it in a shop in the Dungeon)
  1805 | D        | Bought a heavy robe for 199 gold pieces
  1805 | D        | Identified the +1 robe of Buf Mevacuqi {Contam rElec rF+
                  | Str+2} (You bought it in a shop in the Dungeon)
  1805 | D        | Bought a shadowed robe for 199 gold pieces
  1805 | D        | Identified the +2 robe "Nafophuw" {+Blink Fly Dex+7} (You
                  | bought it in a shop in the Dungeon)
  1805 | D        | Bought a faintly humming cloak for 332 gold pieces
  1805 | D        | Identified the +2 cloak "Idekkeum" {Rampage} (You bought it
                  | in a shop in the Dungeon)
  1805 | D        | Bought a steaming buckler for 332 gold pieces
  1805 | D        | Identified the +1 buckler of Vanity {Will++ Int+4} (You
                  | bought it in a shop in the Dungeon)
  1805 | D        | Bought a pair of warped boots for 332 gold pieces
  1805 | D        | Identified the +2 pair of boots of Hedging {Int+4} (You
                  | bought it in a shop in the Dungeon)
  1805 | D        | Bought a pair of shimmering gloves for 332 gold pieces
  1805 | D        | Identified the +1 pair of gloves of Freedom {-Tele +Inv
                  | Dex+5} (You bought it in a shop in the Dungeon)
  1821 | D        | Round 12.
  1937 | D        | Arena points: 8022 (+1980) [x15]
  1955 | D        | Bought 6 potions of magic for 336 gold pieces
  1955 | D        | Bought 6 potions of magic for 336 gold pieces
  1957 | D        | Bought 6 potions of magic for 336 gold pieces
  2001 | D        | Round 13.
  2002 | D        | Bought a potion of curing for 45 gold pieces
  2043 | D        | Arena points: 10726 (+2704) [x16]
  2079 | D        | Round 14.
  2195 | D        | Arena points: 13344 (+2618) [x17]
  2215 | D        | Bought 4 potions of curing for 84 gold pieces
  2215 | D        | Bought 4 potions of curing for 84 gold pieces
  2215 | D        | Bought 4 potions of curing for 84 gold pieces
  2215 | D        | Bought 4 potions of curing for 84 gold pieces
  2215 | D        | Bought 4 potions of curing for 84 gold pieces
  2215 | D        | Bought 3 potions of heal wounds for 105 gold pieces
  2215 | D        | Bought 3 potions of heal wounds for 105 gold pieces
  2215 | D        | Bought 3 potions of heal wounds for 105 gold pieces
  2215 | D        | Bought 3 potions of heal wounds for 105 gold pieces
  2215 | D        | Bought 3 potions of heal wounds for 105 gold pieces
  2215 | D        | Bought 3 potions of heal wounds for 105 gold pieces
  2215 | D        | Bought 3 potions of heal wounds for 105 gold pieces
  2215 | D        | Bought 3 potions of heal wounds for 105 gold pieces
  2215 | D        | Bought 3 potions of heal wounds for 105 gold pieces
  2215 | D        | Bought 3 potions of heal wounds for 105 gold pieces
  2215 | D        | Bought 3 potions of heal wounds for 105 gold pieces
  2231 | D        | Bought Ozocubu's Autobiography for 168 gold pieces
  2231 | D        | Bought a book of Blasting for 280 gold pieces
  2231 | D        | Bought a book of Chaos for 350 gold pieces
  2231 | D        | Bought a Necronomicon for 392 gold pieces
  2231 | D        | Bought a Grand Grimoire for 238 gold pieces
  2231 | D        | Bought a book of Annihilations for 420 gold pieces
  2231 | D        | Bought a book of Burglary for 140 gold pieces
  2231 | D        | Bought a book of Displacement for 154 gold pieces
  2231 | D        | Bought a book of Death for 308 gold pieces
  2243 | D        | Learned a level 9 spell: Fire Storm
  2243 | D        | Reached XP level 19. HP: 81/108 MP: 49/49
  2267 | D        | Round 15.
  2268 | D        | Noticed Agnes
  2274 | D        | Killed Agnes
  2274 | D        | Identified the ring "Redeboc" {Fire +Blink Int+2} (You
                  | found it in the Dungeon)
  2274 | D        | Arena points: 16479 (+3135) [x19]
  2275 | D        | Reached skill level 5 in Fire Magic
  2278 | D        | Got a mossy rune of Zot
  2288 | D        | Bought 5 scrolls of blinking for 375 gold pieces
  2288 | D        | Bought 4 scrolls of blinking for 300 gold pieces
  2288 | D        | Bought 3 scrolls of blinking for 225 gold pieces
  2459 | D        | Round 16.
  2585 | D        | Arena points: 16671 (+192) [x1]
  2598 | D        | Bought a steaming lead ring for 45 gold pieces
  2598 | D        | Identified the ring "Uhohuz" {EV+5 Slay+2} (You bought it
                  | in a shop in the Dungeon)
  2598 | D        | Bought a scorched lead ring for 45 gold pieces
  2598 | D        | Identified the ring of Ketsos {Fly rF+ Dex+3} (You bought
                  | it in a shop in the Dungeon)
  2598 | D        | Bought a scintillating turquoise ring for 45 gold pieces
  2598 | D        | Identified the ring "Neucopn" {rF+ SInv} (You bought it in
                  | a shop in the Dungeon)
  2598 | D        | Bought a transparent platinum ring for 45 gold pieces
  2598 | D        | Identified the ring of Hedonism {Will+ SInv} (You bought it
                  | in a shop in the Dungeon)
  2598 | D        | Bought a pitted marble ring for 45 gold pieces
  2598 | D        | Identified the ring "Ilailoil" {Will+ rCorr} (You bought it
                  | in a shop in the Dungeon)
  2598 | D        | Bought a twitching bone ring for 45 gold pieces
  2598 | D        | Identified the ring "Jyvuus" {rC+ SInv} (You bought it in a
                  | shop in the Dungeon)
  2600 | D        | Round 17.
  2691 | D        | Reached XP level 20. HP: 112/112 MP: 49/52
  2732 | D        | Arena points: 17147 (+476) [x2]
  2786 | D        | Round 18.
  2792 | D        | Bought an ichor-stained tower shield for 332 gold pieces
  2792 | D        | Identified the +0 tower shield of the Wary Souls {+Inv rC+
                  | Str+2 Dex-3} (You bought it in a shop in the Dungeon)
  2792 | D        | Bought a faintly glowing cloak for 332 gold pieces
  2792 | D        | Identified the +1 cloak "Golekate" {SInv} (You bought it in
                  | a shop in the Dungeon)
  2792 | D        | Bought a distressingly furry kite shield for 332 gold
                  | pieces
  2792 | D        | Identified the +1 kite shield of Jufiduw {rN+ Will++ Str-4
                  | Stlth-} (You bought it in a shop in the Dungeon)
  2792 | D        | Bought a glimmering helmet for 332 gold pieces
  2792 | D        | Identified the +2 helmet "Suipsup" {-Cast Rampage Regen+}
                  | (You bought it in a shop in the Dungeon)
  2810 | D        | Reached skill level 27 in Spellcasting
  2810 | D        | Reached skill level 10 in Fire Magic
  2897 | D        | Noticed an ancient lich
  2898 | D        | Killed an ancient lich
  2934 | D        | Arena points: 17957 (+810) [x3]
  2983 | D        | Round 19.
  3111 | D        | Arena points: 19021 (+1064) [x4]
  3133 | D        | Reached XP level 21. HP: 107/120 MP: 39/54
  3158 | D        | Round 20.
  3180 | D        | Arena points: 20461 (+1440) [x6]
  3180 | D        | Found the +18 Lear's hauberk
  3183 | D        | Got a silver rune of Zot
  3210 | D        | Bought a book of Winter for 238 gold pieces
  3210 | D        | Bought a book of the Moon for 280 gold pieces
  3210 | D        | Bought a book of the Sky for 308 gold pieces
  3210 | D        | Bought a book of Hexes for 252 gold pieces
  3210 | D        | Bought a book of the Wilderness for 266 gold pieces
  3220 | D        | Learned a level 9 spell: Shatter
  3221 | D        | Bought a staff of fire for 750 gold pieces
  3235 | D        | Bought a potion of curing for 21 gold pieces
  3235 | D        | Bought 6 potions of resistance for 420 gold pieces
  3235 | D        | Bought 6 potions of might for 168 gold pieces
  3235 | D        | Bought 5 potions of haste for 350 gold pieces
  3235 | D        | Bought 3 potions of haste for 210 gold pieces
  3237 | D        | Bought a potion of heal wounds for 35 gold pieces
  3237 | D        | Bought 6 potions of resistance for 420 gold pieces
  3237 | D        | Bought 6 potions of resistance for 420 gold pieces
  3237 | D        | Bought 3 potions of mutation for 168 gold pieces
  3237 | D        | Bought a potion of mutation for 56 gold pieces
  3237 | D        | Bought 6 potions of might for 168 gold pieces
  3237 | D        | Bought 5 potions of haste for 350 gold pieces
  3237 | D        | Bought 4 potions of haste for 280 gold pieces
  3237 | D        | Bought 3 potions of haste for 210 gold pieces
  3254 | D        | Bought 5 scrolls of fog for 200 gold pieces
  3254 | D        | Bought 4 scrolls of fog for 160 gold pieces
  3254 | D        | Bought 3 scrolls of fog for 120 gold pieces
  3256 | D        | Bought a scroll of immolation for 40 gold pieces
  3256 | D        | Bought 5 scrolls of fog for 200 gold pieces
  3256 | D        | Bought 4 scrolls of fog for 160 gold pieces
  3256 | D        | Bought 3 scrolls of fog for 120 gold pieces
  3256 | D        | Bought 5 scrolls of blinking for 375 gold pieces
  3256 | D        | Bought 4 scrolls of blinking for 300 gold pieces
  3256 | D        | Bought 3 scrolls of blinking for 225 gold pieces
  3256 | D        | Bought 5 scrolls of amnesia for 200 gold pieces
  3258 | D        | Bought 5 scrolls of amnesia for 200 gold pieces
  3369 | D        | Round 21.
  3456 | D        | Noticed an orb of fire
  3457 | D        | Gained mutation: Armour fits poorly on your strangely
                  | shaped body. [an orb of fire]
  3457 | D        | Gained mutation: You occasionally lose the ability to read
                  | scrolls when taking damage. [an orb of fire]
  3458 | D        | Killed an orb of fire
  3480 | D        | Arena points: 22372 (+1911) [x7]
  3481 | D        | Lost mutation: Armour fits poorly on your strangely shaped
                  | body. [potion of mutation]
  3481 | D        | Lost mutation: You occasionally lose the ability to read
                  | scrolls when taking damage. [potion of mutation]
  3481 | D        | Gained mutation: You do not regenerate when monsters are
                  | visible. [potion of mutation]
  3481 | D        | Gained mutation: You have a somewhat thin skeletal
                  | structure. (Dex +2, Stealth+) [potion of mutation]
  3482 | D        | Lost mutation: You have a somewhat thin skeletal structure.
                  | (Dex +2, Stealth+) [potion of mutation]
  3482 | D        | Lost mutation: You do not regenerate when monsters are
                  | visible. [potion of mutation]
  3482 | D        | Gained mutation: Armour fits poorly on your strangely
                  | shaped body. [potion of mutation]
  3482 | D        | Gained mutation: You are partially covered in iridescent
                  | scales. (AC +2) [potion of mutation]
  3482 | D        | Gained mutation: Your mind is acute. (Int +4, Str/Dex -1)
                  | [potion of mutation]
  3482 | D        | Gained mutation: You have a pair of small horns on your
                  | head. [potion of mutation]
  3558 | D        | Round 22.
  3667 | D        | Arena points: 25188 (+2816) [x8]
  3697 | D        | Reached XP level 22. HP: 79/127 MP: 44/55
  3750 | D        | Round 23.
  3756 | D        | Noticed a Killer Klown
  3760 | D        | Killed a Killer Klown
  3776 | D        | Noticed a Killer Klown
  3780 | D        | Killed a Killer Klown
  3814 | D        | Noticed a Killer Klown
  3823 | D        | Killed a Killer Klown
  3867 | D        | Noticed a Killer Klown
  3871 | D        | Killed a Killer Klown
  3880 | D        | Arena points: 27879 (+2691) [x9]
  3928 | D        | Round 24.
  3967 | D        | Reached skill level 27 in Conjurations
  3967 | D        | Reached skill level 27 in Earth Magic
  4019 | D        | Arena points: 31959 (+4080) [x10]
  4083 | D        | Bought 5 potions of haste for 1000 gold pieces
  4083 | D        | Bought 5 potions of haste for 1000 gold pieces
  4083 | D        | Bought 5 potions of heal wounds for 500 gold pieces
  4083 | D        | Bought 5 potions of heal wounds for 500 gold pieces
  4083 | D        | Bought a quad damage for 400 gold pieces
  4083 | D        | Bought a quad damage for 400 gold pieces
  4083 | D        | Bought a quad damage for 400 gold pieces
  4089 | D        | Round 25.
  4093 | D        | Bought a book of Minor Magic for 270 gold pieces
  4093 | D        | Bought a book of Cantrips for 180 gold pieces
  4093 | D        | Bought the Almanac of Vexatious Impurities for 540 gold
                  | pieces
  4093 | D        | Bought a book of Weapons for 420 gold pieces
  4093 | D        | Bought a manual of Axes for 1200 gold pieces
  4093 | D        | Bought the Essays on Toxicants and the Damned for 480 gold
                  | pieces
  4112 | D        | Learned a level 8 spell: Lehudib's Crystal Spear
  4168 | D        | HP: 3/127 [acid blob/splash of acid (21)]
  4168 | D        | Mangled by a greater orb of eyes

Illustrated notes

Levels and vault maps discovered:
D:        arena_sprint

Skill      XL: |  1  2  3  4  5  6  7  8  9 10 11 12 13 14 15 16 17 18 19 20 21 22 |
---------------+-------------------------------------------------------------------+-----
Spellcasting   | 5 6 7 8 9 11 12 15 16 24 26 27 | 27.0
Stealth        | 3 5 |  5.0
Earth Magic    | 4 5 7 8 10 11 12 13 14 15 18 19 22 25 27 | 27.0
Dodging        | 3 5 6 8 10 | 10.6
Fighting       | 2 3 5 6 7 8 9 |  9.9
Conjurations   | 2 3 6 8 9 10 12 13 14 15 18 19 22 25 27 | 27.0
Translocations | 2 3 6 7 8 9 |  9.4
Transmutations | 3 6 7 8 9 10 11 12 | 12.6
Shields        | 8 |  8.0
Fire Magic     | 4 9 14 19 24 | 24.9

Action                     |  1- 3 |  4- 6 |  7- 9 | 10-12 | 13-15 | 16-18 | 19-21 | 22-24 || total
---------------------------+-------+-------+-------+-------+-------+-------+-------+-------++-------
   Cast: Sandblast         |    20 |     6 |       |     1 |       |       |     2 |       ||    29
         Stone Arrow       |       |       |    12 |    20 |       |     9 |       |       ||    41
         Iron Shot         |       |       |     2 |    15 |       |    98 |   123 |    45 ||   283
         Statue Form       |       |       |       |       |       |     1 |       |       ||     1
         Shatter           |       |       |       |       |       |       |    10 |     9 ||    19
         Lehudib's Crystal |       |       |       |       |       |       |       |     1 ||     1
 Invoke: Call Merchant     |       |       |       |       |       |       |       |     1 ||     1
  Evoke: Wand              |       |       |       |       |       |     1 |       |       ||     1
    Use: Potion            |       |     1 |     4 |     3 |     3 |     7 |     8 |     2 ||    28
         Scroll            |       |       |     1 |     1 |       |     2 |     3 |     1 ||     8
 Armour: Animal skin       |       |       |       |     1 |       |     1 |       |       ||     2
         Skin              |       |       |       |       |       |    10 |       |       ||    10
         Robe              |       |       |       |       |       |     1 |     8 |     1 ||    10
  Dodge: Dodged            |       |     3 |     2 |       |       |    28 |    28 |     4 ||    65
  Block: Buckler           |       |       |       |       |       |     2 |     9 |     3 ||    14

Table legend: (Time is in decaauts)
 A = Elapsed time spent in this place.
 B = Non-inter-level travel time spent in this place.
 C = Inter-level travel time spent in this place.
 D = Time resting spent in this place.
 E = Time spent auto-exploring this place.
 F = Levels seen in this place.
 G = Mean time per level.
                   A        B        C        D        E       F      G
               +--------+--------+--------+--------+--------+-----+--------+
         Total |   4213 |   4202 |     11 |   1248 |      0 |   1 | 4213.0 |
       Dungeon |   4213 |   4202 |     11 |   1248 |      0 |   1 | 4213.0 |
               +--------+--------+--------+--------+--------+-----+--------+

Top non-repeatable levels by time:
       D: 4213 daAuts
